 Dungeon Crawl Stone Soup version 0.26-a0-646-g5d7718319a (webtiles) character file.

Game seed: 3846080633159596116

20533 MrRokkomies the Zephyrmancer (level 12, -4/77 HPs)
             Began as a Tengu Air Elementalist on Sept 24, 2020.
             Was an Elder of Kikubaaqudgha.
             Slain by a sun demon (8 damage)
             ... in a volcano.
             The game lasted 00:39:50 (19115 turns).

MrRokkomies the Zephyrmancer (TeAE)                Turns: 19115, Time: 00:39:53

Health: -4/77      AC: 15    Str:  9    XL:     12   Next: 80%
Magic:  4/22       EV: 22    Int: 20    God:    Kikubaaqudgha [****..]
Gold:   767        SH:  5    Dex: 15    Spells: 4/24 levels left

rFire    + . .     SeeInvis .   b - +3 flail (protect)
rCold    x . .     Faith    .   (no shield)
rNeg     . . .     Spirit   .   C - +7 leather armour of Circular Logic {Slay+5}
rPois    .         Reflect  +   (helmet restricted)
rElec    .         Harm     .   q - +2 cloak
rCorr    .         Rampage  .   n - +1 pair of gloves
MR       .....                  (boots unavailable)
Stlth    ++........             K - amulet of reflection
HPRegen  0.22/turn              f - ring of fire
MPRegen  0.18/turn              D - ring of wizardry

@: flying quickly and evasively, very slightly contaminated, invisible, quick
A: beak, talons 3, able to fly
a: Stop Flying, Receive Corpses, Renounce Religion


You were in a volcano.
You worshipped Kikubaaqudgha.
Kikubaaqudgha was greatly pleased with you.
You visited 3 branches of the dungeon, and saw 15 of its levels.
You also visited: Volcano.

You collected 767 gold pieces.

Inventory:

Hand Weapons
 a - a +1 flail of venom
 b - a +3 flail of protection (weapon)
 u - a +1 scimitar
Missiles
 d - 52 poisoned darts (quivered)
 w - 2 curare-tipped darts
 x - 3 throwing nets
Armour
 n - a +1 pair of gloves (worn)
 q - a +2 cloak (worn)
 r - a +1 robe of fire resistance
 C - the +7 leather armour of Circular Logic (worn) {Slay+5}
   (You found it on level 9 of the Dungeon)

   It affects your accuracy and damage with ranged weapons and melee attacks
   (+5).
 H - a +2 robe of positive energy
Jewellery
 f - a ring of fire (left hand)
 g - an uncursed ring of fire
 t - an uncursed ring of see invisible
 D - a ring of wizardry (right hand)
 K - an amulet of reflection (around neck)
 L - an uncursed ring of protection from magic
 M - an uncursed ring of wizardry
Wands
 h - a wand of random effects (16)
 o - a wand of iceblast (23)
 E - a wand of polymorph (8)
 F - a wand of acid (7)
 J - a wand of digging (6)
Scrolls
 i - 8 scrolls of teleportation
 k - 2 scrolls of immolation
 s - a scroll of magic mapping
 y - 3 scrolls of remove curse
 B - a scroll of enchant weapon
 O - a scroll of enchant armour
Potions
 c - 2 potions of curing
 e - a potion of heal wounds
 j - 2 potions of stabbing
 l - a potion of cancellation
 p - 3 potions of lignification
 v - a potion of brilliance
 z - 2 potions of mutation
 G - 2 potions of resistance
 P - a potion of ambrosia
Miscellaneous
 I - a box of beasts (1/3)
 N - a tin of tremorstones (3/3)


   Skills:
 - Level 10.0 Fighting
 + Level 11.0 Dodging
 - Level 2.0 Stealth
 + Level 6.5 Spellcasting
 - Level 8.0 Conjurations
 * Level 7.0 Necromancy
 - Level 12.0 Air Magic
 * Level 6.4 Evocations


You had 4 spell levels left.
You knew the following spells:

 Your Spells              Type           Power        Failure   Level
a - Shock                 Conj/Air       ####         1%          1
b - Swiftness             Air            ######..     1%          2
c - Static Discharge      Conj/Air       #####...     1%          3
d - Airstrike             Air            ######....   1%          4
e - Lightning Bolt        Conj/Air       #####.....   2%          5
f - Borgnjor's Vile Clut  Necr/Erth      ###.......   34%         5

Your spell library contained the following spells:

 Spells                   Type           Power        Failure   Level
 Animate Skeleton         Necr           ####..       1%          1
 Foxfire                  Conj/Fire      ####         1%          1
 Pain                     Necr           ####         1%          1
 Poisonous Vapours        Pois/Air       ####..       1%          2
 Sublimation of Blood     Necr           ####......   1%          2
 Mephitic Cloud           Conj/Pois/Air  ####....     1%          3
 Vampiric Draining        Necr           ####......   1%          3
 Dispel Undead            Necr           ####....     3%          4
 Corona                   Hex            #......      6%          1
 Sting                    Tmut/Pois      #...         6%          1
 Slow                     Hex            #.......     9%          2
 Fulminant Prism          Conj/Hex       ###.......   11%         4
 Ignite Poison            Fire/Tmut/Pois #.......     16%         3
 Inner Flame              Hex/Fire       #.......     16%         3
 Portal Projectile        Hex/Tloc       #.....       16%         3
 Cause Fear               Hex            #.........   45%         4
 Ice Form                 Ice/Tmut       #.......     45%         4
 Leda's Liquefaction      Hex/Erth       #.........   45%         4
 Olgreb's Toxic Radiance  Pois           #.......     45%         4
 Petrify                  Tmut/Erth      #.......     45%         4
 Agony                    Necr           ####....     9%          5
 Silence                  Hex/Air        ####......   13%         5
 Death Channel            Necr           ####......   43%         6
 Bolt of Magma            Conj/Fire/Erth ####......   45%         5
 Yara's Violent Unravell  Hex/Tmut       #.........   80%         5
 Simulacrum               Ice/Necr       ###.......   87%         6
 Hydra Form               Tmut           #.........   100%        6
 Invisibility             Hex            #.......     100%        6
 Discord                  Hex            #.........   100%        8


Dungeon Overview and Level Annotations

Branches:
Dungeon (10/15)            Temple (1/1) D:7            Lair (4/6) D:8
  Swamp (0/4) Lair:4        Snake (0/4) Lair:4      Volcano (1/1)
    Orc: D:9-12

Altars:
Ashenzari
Cheibriados
Dithmenos
Elyvilon
Fedhas
Gozag
Hepliaklqana
Kikubaaqudgha
Makhleb
Nemelex Xobeh
Okawaru
Qazlal
Ru
Sif Muna
Trog
Uskayaw
Vehumet
Wu Jian
Xom
Yredelemnul
Zin
The Shining One

Shops:
D:9 *

Annotations:
D:10 Fannar


Innate Abilities, Weirdness & Mutations

You have a beak for a mouth.
You have claws for feet.
You can fly continuously.


Message History

Evoke which item? (* to show all) (? for menu, Esc to quit)
You open the lid... ...and a larval weirdox beast leaps out!
The orc sorcerer casts a spell at you.
The bolt of fire hits the sun demon.
The sun demon completely resists.
The bolt of fire misses you. The sun demon completely misses you.
A lava snake comes into view.
Evoke which item? (* to show all) (? for menu, Esc to quit)
You open the lid... ...and a juvenile shocksting beast leaps out!
The sun demon hits you!!
You are engulfed in flames!
You resist.
* * * LOW HITPOINT WARNING * * *
The orc sorcerer gestures at you while chanting.
The bolt of negative energy hits the sun demon.
The sun demon completely resists.
The bolt of negative energy misses you. The sun demon hits you!
* * * LOW HITPOINT WARNING * * *
You are engulfed in flames!
You resist.
You die...
Kikubaaqudgha rasps: "You have failed me!
Welcome... death!" ..# #.. ..# #.. ..# #.. ..###.. ..\). .ho

##### #3# #...# #@#
###...#####H##
#.......##8H8#
##...§≈.......#
##....§§.§§....##
#....≈≈≈≈≈§.....#
##..§≈≈§§§§≈S..§§#
###..≈≈§§§≈§≈§§≈§.§#
#...§≈≈§≈≈≈≈≈§§≈≈§...


You could see a sun demon, an orc sorcerer, a hell hound, a lava snake and 2
friendly mutant beasts.

Vanquished Creatures
  3 hydras
  A two-headed ogre (D:9)
  An orc high priest (D:9)
  A queen ant (Lair:2)
  2 ugly things (Volcano)
  A black mamba (Lair:1)
  5 cane toads
  2 rime drakes
  2 komodo dragons
  3 kobold demonologists (D:9)
  A red devil (Volcano)
  A hippogriff (D:10)
  2 wyverns (Lair:3)
  2 basilisks (Lair:3)
  Grum (Lair:1)
  5 fire bats (Volcano)
  11 yaks
  14 soldier ants (Lair:2)
  4 water moccasins
  10 porcupines
  An orc warrior (D:8)
  2 black bears
  2 ice beasts
  2 sky beasts (D:9)
  An eye of draining (D:8)
  A necrophage (D:9)
  5 ogres
  10 wolves
  A centaur (D:9)
  9 crocodiles
  7 bullfrogs
  3 big kobolds
  3 scorpions
  4 wights (D:6)
  5 howler monkeys
  An electric eel (Lair:2)
  2 bullfrog zombies (D:5)
  3 lava snakes (Volcano)
  2 hounds (D:5)
  2 jellies
  A gnoll shaman (D:7)
  5 orc priests
  A centaur skeleton (D:6)
  Ijyb (D:3)
  A bullfrog skeleton (D:9)
  2 iguanas
  4 orc wizards
  6 hell rats
  32 worker ants
  2 hound skeletons
  2 worker ant zombies
  3 gnolls (D:7)
  16 adders
  3 river rats
  A shadow imp (D:5)
  2 white imps
  2 ufetubi
  2 oozes (D:1)
  3 adder skeletons
  5 worms
  A dart slug (D:1)
  7 leopard geckos
  33 orcs
  4 giant cockroaches
  16 goblins
  7 hobgoblins
  2 jackals (D:9)
  4 quokkas
  A ball python (D:5)
  6 bats
  5 frilled lizards
  22 kobolds
  A quokka zombie (D:6)
  11 rats
352 creatures vanquished.

Vanquished Creatures (others)
  A killer bee zombie (D:7)
  36 fungi
  49 plants
86 creatures vanquished.

Grand Total: 438 creatures vanquished

Notes
Turn   | Place    | Note
-------+----------+-------------------------------------------
     0 | D:1      | MrRokkomies the Tengu Air Elementalist began the quest for
                  | the Orb.
     0 | D:1      | Reached XP level 1. HP: 10/10 MP: 4/4
   218 | D:1      | Reached XP level 2. HP: 16/16 MP: 0/6
   539 | D:1      | Reached XP level 3. HP: 20/20 MP: 7/7
  1352 | D:2      | Reached skill level 1 in Fighting
  1356 | D:2      | Learned a level 2 spell: Swiftness
  1360 | D:2      | Learned a level 3 spell: Static Discharge
  1462 | D:2      | Reached XP level 4. HP: 11/25 MP: 3/8
  1917 | D:2      | Reached skill level 5 in Air Magic
  2637 | D:2      | Gained mutation: You can fly continuously. [Tengu growth]
  2637 | D:2      | Reached XP level 5. HP: 29/29 MP: 6/9
  3480 | D:3      | Noticed Ijyb
  3553 | D:3      | Killed Ijyb
  4002 | D:3      | Found a stormy altar of Qazlal.
  4193 | D:4      | Reached skill level 6 in Air Magic
  4193 | D:4      | Reached XP level 6. HP: 24/35 MP: 5/10
  4793 | D:5      | Entered Level 5 of the Dungeon
  4865 | D:5      | Reached skill level 5 in Conjurations
  5125 | D:5      | Reached XP level 7. HP: 40/40 MP: 7/11
  5162 | D:5      | Learned a level 4 spell: Airstrike
  5304 | D:5      | Found a broken altar of Ashenzari.
  5355 | D:5      | Reached skill level 7 in Air Magic
  5629 | D:5      | Found a shadowy altar of Dithmenos.
  6555 | D:6      | Reached XP level 8. HP: 46/46 MP: 5/12
  6706 | D:6      | Reached skill level 8 in Air Magic
  8028 | D:7      | Found a staircase to the Ecumenical Temple.
  8039 | Temple   | Entered the Ecumenical Temple
  8215 | Temple   | Became a worshipper of Kikubaaqudgha
  8303 | D:7      | Reached skill level 5 in Dodging
  8475 | D:7      | Identified the Reference Book on Ensnaring Flames
  8755 | D:7      | Reached skill level 9 in Air Magic
  8955 | D:7      | Reached * piety under Kikubaaqudgha
  8955 | D:7      | Identified Kikubaaqudgha's Papyrus of Black Rituals
                  | (Kikubaaqudgha gifted it to you on level 7 of the Dungeon)
  8955 | D:7      | Received a gift from Kikubaaqudgha
  9257 | D:8      | Found a blossoming altar of Fedhas.
  9288 | D:8      | Reached XP level 9. HP: 35/52 MP: 6/13
  9424 | D:8      | Found a sacrificial altar of Ru.
  9465 | D:8      | Reached skill level 10 in Air Magic
  9832 | D:8      | Found a sparkling altar of Nemelex Xobeh.
  9957 | D:8      | Found a staircase to the Lair.
  9963 | D:8      | Reached skill level 5 in Fighting
 10289 | D:7      | Reached skill level 11 in Air Magic
 10552 | D:8      | Reached XP level 10. HP: 38/59 MP: 11/17
 11009 | D:9      | Got a transparent leather armour
 11020 | D:9      | Identified the +7 leather armour of Circular Logic {Slay+5}
                  | (You found it on level 9 of the Dungeon)
 11310 | D:9      | Noticed a kobold demonologist
 11311 | D:9      | Found a transporter.
 11312 | D:9      | Found a transporter.
 11395 | D:9      | Noticed a kobold demonologist
 11397 | D:9      | Noticed an orc high priest
 11400 | D:9      | Noticed a kobold demonologist
 11446 | D:9      | Reached ** piety under Kikubaaqudgha
 11460 | D:9      | Noticed a two-headed ogre
 11515 | D:9      | Killed a two-headed ogre
 11515 | D:9      | Reached skill level 5 in Spellcasting
 11515 | D:9      | Reached skill level 12 in Air Magic
 11794 | D:9      | Found Leiwehic's Luxury Loot.
 12185 | D:9      | Killed a kobold demonologist
 12288 | D:9      | Killed a kobold demonologist
 12358 | D:9      | Killed a kobold demonologist
 12361 | D:9      | Killed an orc high priest
 12488 | D:10     | Entered Level 10 of the Dungeon
 12492 | D:10     | Reached XP level 11. HP: 68/68 MP: 8/19
 12649 | D:10     | Found a basalt altar of Yredelemnul.
 13041 | D:10     | Noticed Fannar
 13106 | Lair:1   | Entered Level 1 of the Lair of Beasts
 13433 | Lair:1   | Learned a level 5 spell: Lightning Bolt
 13460 | Lair:1   | Reached skill level 10 in Dodging
 13920 | Lair:1   | Reached *** piety under Kikubaaqudgha
 13920 | Lair:1   | Identified Kikubaaqudgha's Guide on Unholy Rites
                  | (Kikubaaqudgha gifted it to you on level 1 of the Lair of
                  | Beasts)
 13920 | Lair:1   | Received a gift from Kikubaaqudgha
 13928 | Lair:1   | Learned a level 5 spell: Borgnjor's Vile Clutch
 13935 | Lair:1   | Noticed Grum
 13939 | Lair:1   | Killed Grum
 14240 | Lair:1   | Reached skill level 10 in Fighting
 14443 | Lair:1   | Identified Sif Muna's Incunabulum of the Rocks and Shape
                  | Shifting
 14802 | Lair:2   | Noticed an eight-headed hydra
 15119 | Lair:2   | Reached skill level 1 in Necromancy
 15119 | Lair:2   | Reached skill level 1 in Evocations
 15672 | Lair:2   | Noticed an eight-headed hydra
 15924 | Lair:2   | Noticed a queen ant
 15937 | Lair:2   | Killed a queen ant
 15944 | Lair:2   | Reached XP level 12. HP: 28/77 MP: 5/21
 15946 | Lair:2   | Reached **** piety under Kikubaaqudgha
 16321 | Lair:2   | Killed an eight-headed hydra
 16720 | Lair:2   | Noticed a four-headed hydra
 16847 | Lair:2   | Killed a four-headed hydra
 16847 | Lair:2   | Reached skill level 5 in Necromancy
 17575 | Lair:3   | Reached skill level 5 in Evocations
 18315 | Lair:3   | Noticed a six-headed hydra
 18355 | Lair:3   | Killed a six-headed hydra
 18793 | Lair:4   | Found a staircase to the Snake Pit.
 18809 | Lair:4   | Found a dark tunnel.
 18814 | Volcano  | Entered a volcano
 19096 | Volcano  | Noticed a sun demon
 19115 | Volcano  | Slain by a sun demon

Illustrated notes

Levels and vault maps discovered:
D:1:      lightli_arrival_maybe_door_vault, layout_loops_corners,
          hangedman_abyss_or_decor_stabs
D:2:      layout_loops_cross
D:3:      kennysheep_the_goblin_king, layout_loops_ring, grunt_qazlal_clouds,
          minmay_crystal_room, minmay_misc_feat_encased
D:4:      layout_loops_cross
D:5:      layout_basic, kennysheep_little_box, lemuel_coloured_pillars_altar,
          abandoned_shop
D:6:      layout_layer_cave
D:7:      layout_loops_ring, minmay_temple_entry_junction, lemuel_old_faithful
D:8:      layout_rooms, grunt_temple_overflow_open,
          grunt_lair_entry_orc_guard_hut
D:9:      gammafunk_wand_slinger, layout_loops_ring, st_stairs_7,
          nicolae_alphabet_shops
D:10:     layout_rooms, basic_altar, uniq_fannar
Temple:   eino_temple_scatter_basement
Lair:1:   layout_misc_corridors, kennysheep_abandoned_house, uniq_grum
Lair:2:   layout_regular_city, serial_bayou_ford_a, zaba_anthell,
          lemuel_fruit_fields
Lair:3:   layout_roguey
Lair:4:   beast_lair_carwin_large_3, layout_regular_city,
          palyth_hydra_swamp_entry, minmay_snake_entry_guardpost_small,
          nicolae_volcano_entry_s_turn, uniq_sonja
Volcano:  volcano_grotto [vgs_dualism]

Skill      XL: |  1  2  3  4  5  6  7  8  9 10 11 12 |
---------------+-------------------------------------+-----
Conjurations   | 2 3 4 5 6 8 |  8.0
Fighting       | 1 2 3 4 5 7 10 | 10.0
Air Magic      | 5 6 7 9 11 12 | 12.0
Dodging        | 3 4 5 6 9 10 11 | 11.0
Spellcasting   | 4 5 6 |  6.5
Necromancy     | 3 7 |  7.0
Evocations     | 3 6 |  6.4
Stealth        | |  2.0

Action                   |  1- 3 |  4- 6 |  7- 9 | 10-12 || total
-------------------------+-------+-------+-------+-------++-------
Melee: Unarmed           |    12 |       |       |       ||    12
       Kick              |     1 |    15 |    23 |    58 ||    97
       Peck              |     1 |     9 |    13 |    34 ||    57
       Spear             |     5 |    21 |       |       ||    26
       Quarterstaff      |       |    35 |     9 |       ||    44
       Flail             |       |       |    91 |   212 ||   303
Throw: Dart              |       |       |     9 |    41 ||    50
 Cast: Shock             |    50 |   110 |   217 |   114 ||   491
       Static Discharge  |       |       |     4 |    26 ||    30
       Airstrike         |       |       |     5 |    87 ||    92
       Swiftness         |       |       |     1 |     1 ||     2
       Lightning Bolt    |       |       |       |    20 ||    20
 Abil: Fly               |       |       |       |     1 ||     1
Evoke: Wand              |       |       |       |     9 ||     9
       Box of beasts     |       |       |       |     2 ||     2
  Use: Scroll            |     4 |    10 |     1 |    11 ||    26
       Potion            |       |     1 |       |     4 ||     5
 Stab: Sleeping          |       |     3 |     1 |       ||     4
Armor: Robe              |     5 |    14 |    39 |     4 ||    62
       Leather armour    |       |       |       |    70 ||    70
Dodge: Dodged            |    12 |    61 |   126 |   318 ||   517
Block: Other             |       |       |       |    75 ||    75

Table legend: (Time is in decaauts)
 A = Elapsed time spent in this place.
 B = Non-inter-level travel time spent in this place.
 C = Inter-level travel time spent in this place.
 D = Time resting spent in this place.
 E = Time spent auto-exploring this place.
 F = Levels seen in this place.
 G = Mean time per level.
                   A        B        C        D        E       F      G
               +--------+--------+--------+--------+--------+-----+--------+
         Total |  18989 |  18484 |    505 |   1814 |  14284 |  16 | 1186.8 |
       Dungeon |  13367 |  13038 |    329 |   1083 |  10335 |  10 | 1336.7 |
        Temple |    189 |    165 |     24 |      0 |    164 |   1 |  189.0 |
          Lair |   5137 |   4986 |    151 |    731 |   3536 |   4 | 1284.2 |
       Volcano |    295 |    295 |      0 |      0 |    249 |   1 |  295.0 |
               +--------+--------+--------+--------+--------+-----+--------+

Top non-repeatable levels by time:
  Lair:2: 2013 daAuts
  Lair:1: 1829 daAuts
     D:7: 1679 daAuts
     D:9: 1672 daAuts
     D:8: 1615 daAuts
     D:6: 1601 daAuts
     D:2: 1527 daAuts
     D:5: 1461 daAuts
  Lair:3: 1274 daAuts
     D:1: 1262 daAuts
     D:3: 1254 daAuts
     D:4: 749 daAuts
    D:10: 543 daAuts
 Volcano: 295 daAuts
  Temple: 189 daAuts
